 Dungeon Crawl Stone Soup version 0.25.0 (webtiles) character file.

Game seed: 15975016239269404408

537954 Aviak the Impregnable (level 25, -12/233 HPs)
             Began as a Deep Dwarf Fighter on June 12, 2020.
             Was the Champion of Makhleb.
             Killed from afar by a ghostly deep elf annihilator (64 damage)
             ... with a crystal spear
             ... on level 3 of the Elven Halls.
             The game lasted 01:22:35 (45587 turns).

Aviak the Impregnable (Deep Dwarf Fighter)         Turns: 45587, Time: 01:22:35

Health: -12/233    AC: 34    Str: 30      XL:     25   Next: 17%
Magic:  3/3 (11)   EV: 15    Int:  3 (4)  God:    Makhleb [******]
Gold:   3679       SH: 39    Dex: 20      Spells: 24/24 levels left

rFire    . . .     SeeInvis .   H - +1 broad axe (antimagic)
rCold    . . .     Gourm    .   P - +10 tower shield of Ignorance {rN+ Int-4}
rNeg     + + +     Faith    .   Z - +1 plate armour {rPois}
rPois    +         Spirit   .   y - +2 helmet of Coly {Int+2}
rElec    +         Reflect  +   K - +2 cloak
rCorr    +         Harm     .   (no gloves)
MR       ++++.     Rnd*Rage +   I - +2 pair of boots Stlth ..........Rnd*Tele +
                                E - amulet "Pur Ynoh" {Reflect MR+ SH+5}
HPRegen  0.00/turn              g - ring "Fidghiprul" {AC+4 Int-2 Dex+6}
MPRegen  0.08/turn              z - ring "Xywol" {rElec rN++ rCorr Str+3 Stlth+}

@: non-regenerating
A: damage resistance, heal wounds, iridescent scales 1, agile 1, [berserk 2],
deformed body, deterioration 2, [dopey 1], frail 1, negative energy resistance
1, sense surroundings 3, screaming 1, teleportitis 1[+1], weak 2, no
regeneration
}: 2/15 runes: decaying, serpentine
a: Heal Wounds, Minor Destruction, Lesser Servant of Makhleb, Major Destruction,
Greater Servant of Makhleb, Renounce Religion


You were on level 3 of the Elven Halls.
You worshipped Makhleb.
Makhleb was exalted by your worship.
You were hungry.

You visited 9 branches of the dungeon, and saw 42 of its levels.
You visited the Abyss 2 times.
You visited 2 bazaars.
You also visited: Ice Cave.

You collected 7421 gold pieces.
You spent 3742 gold pieces at shops.

Inventory:

Hand Weapons
 F - a +3 broad axe of freezing
 H - a +1 antimagic broad axe (weapon)
Armour
 y - the +2 helmet of Coly (worn) {Int+2}
   (You found it on level 3 of the Vaults)

   It affects your intelligence (+2).
 I - a +2 pair of boots (worn)
 K - a +2 cloak (worn)
 P - the +10 tower shield of Ignorance (worn) {rN+ Int-4}
   (You found it on level 3 of the Depths)

   It affects your intelligence (-4).
   It protects you from negative energy.
 U - a +5 kite shield of reflection
 Z - a +1 plate armour of poison resistance (worn)
Jewellery
 g - the ring "Fidghiprul" (left hand) {AC+4 Int-2 Dex+6}
   (You found it on level 3 of the Depths)

   [ring of protection]

   It affects your AC (+4).
   It affects your intelligence (-2).
   It affects your dexterity (+6).
 v - an uncursed ring of flight {unknown}
 z - the ring "Xywol" (right hand) {rElec rN++ rCorr Str+3 Stlth+}
   (You bought it in a shop on level 2 of the Orcish Mines)

   [ring of resist corrosion]

   It affects your strength (+3).
   It insulates you from electricity.
   It greatly protects you from negative energy.
   It provides partial protection from all sources of acid and corrosion.
   It makes you more stealthy.
 A - an uncursed ring of protection from fire
 C - an uncursed ring of protection from cold
 E - the amulet "Pur Ynoh" (around neck) {Reflect MR+ SH+5}
   (You bought it in a shop on level 1 of the Elven Halls)

   [amulet of reflection]

   It shields you and reflects attacks.
   It affects your resistance to hostile enchantments.
   It affects your SH (+5).
Wands
 a - a wand of polymorph (24)
 b - a wand of paralysis (36)
 w - a wand of iceblast (51)
 B - a wand of digging (6)
 L - a wand of acid (20)
 M - a wand of clouds (17)
 V - a wand of flame (37)
Scrolls
 d - 5 scrolls of immolation
 i - 8 scrolls of identify
 k - 3 scrolls of fear
 o - 7 scrolls of magic mapping
 p - 3 scrolls of fog
 r - 34 scrolls of remove curse
 t - 19 scrolls of teleportation
 x - a scroll of blinking
 O - 3 scrolls of brand weapon
 R - 8 scrolls of enchant armour
 T - 2 scrolls of holy word
 Y - 5 scrolls of enchant weapon
Potions
 c - 23 potions of curing
 e - 2 potions of invisibility
 f - 3 potions of haste
 h - 4 potions of heal wounds
 l - 4 potions of cancellation
 m - 4 potions of magic
 q - 9 potions of flight
 s - 11 potions of lignification {!q}
 u - 9 potions of brilliance
 D - 5 potions of ambrosia
 G - 7 potions of resistance
 J - 5 potions of mutation {!q}
 S - 2 potions of might
 W - a potion of berserk rage
Miscellaneous
 j - a lightning rod (4/4)
 Q - a phantom mirror
 X - a tin of tremorstones (3/3)
Comestibles
 n - 73 rations


   Skills:
 * Level 21.8 Fighting
 + Level 22.1 Axes
 * Level 22.8 Armour
 - Level 10.1 Dodging
 + Level 17.7 Shields
 - Level 18.2 Invocations
 - Level 6.3 Evocations


You had 24 spell levels left.
You didn't know any spells.
Your spell library contained the following spells:

 Spells                   Type           Power        Failure   Level  Hunger
 Animate Skeleton         Necr           N/A          99%         1    ##.....
 Apportation              Tloc           #.....       99%         1    ##.....
 Corona                   Hex            #......      99%         1    ##.....
 Infusion                 Chrm           #...         99%         1    ##.....
 Magic Dart               Conj           #...         99%         1    ##.....
 Pain                     Necr           #...         99%         1    ##.....
 Sandblast                Erth           #.....       99%         1    ##.....
 Shock                    Conj/Air       #...         99%         1    ##.....
 Summon Butterflies       Summ           #.......     99%         1    ##.....
 Summon Small Mammal      Summ           #...         99%         1    ##.....
 Blink                    Tloc           N/A          100%        2    ###....
 Call Imp                 Summ           #.......     100%        2    ###....
 Corpse Rot               Necr/Air       N/A          100%        2    ###....
 Ensorcelled Hibernation  Hex/Ice        #.....       100%        2    ###....
 Passwall                 Tmut/Erth      #.......     100%        2    ###....
 Shroud of Golubria       Chrm/Tloc      #.....       100%        2    ###....
 Slow                     Hex            #.......     100%        2    ###....
 Song of Slaying          Chrm           #.......     100%        2    ###....
 Swiftness                Chrm/Air       #.......     100%        2    ###....
 Call Canine Familiar     Summ           #.......     100%        3    ####...
 Confusing Touch          Hex            #.......     100%        3    ####...
 Conjure Flame            Conj/Fire      #.......     100%        3    ####...
 Gell's Gravitas          Tloc           #.........   100%        3    ####...
 Ignite Poison            Fire/Tmut/Pois #.......     100%        3    ####...
 Inner Flame              Hex/Fire       #.......     100%        3    ####...
 Mephitic Cloud           Conj/Pois/Air  #.......     100%        3    ####...
 Ozocubu's Armour         Chrm/Ice       #.......     100%        3    ####...
 Portal Projectile        Hex/Tloc       #.....       100%        3    ####...
 Spectral Weapon          Hex/Chrm       #.......     100%        3    ####...
 Static Discharge         Conj/Air       #.......     100%        3    ####...
 Stone Arrow              Conj/Erth      #.....       100%        3    ####...
 Vampiric Draining        Necr           #.........   100%        3    ####...
 Airstrike                Air            #.........   100%        4    #####..
 Animate Dead             Necr           N/A          100%        4    #####..
 Cause Fear               Hex            #.........   100%        4    #####..
 Leda's Liquefaction      Hex/Erth       #.........   100%        4    #####..
 Passage of Golubria      Tloc           N/A          100%        4    #####..
 Petrify                  Tmut/Erth      #.......     100%        4    #####..
 Summon Ice Beast         Ice/Summ       #.......     100%        4    #####..
 Summon Lightning Spire   Summ/Air       #.......     100%        4    #####..
 Agony                    Necr           #.......     100%        5    ######.
 Borgnjor's Vile Clutch   Necr/Erth      #.........   100%        5    ######.
 Fireball                 Conj/Fire      #.........   100%        5    ######.
 Lee's Rapid Deconstruct  Erth           #.........   100%        5    ######.
 Lightning Bolt           Conj/Air       #.........   100%        5    ######.
 Metabolic Englaciation   Hex/Ice        #.........   100%        5    ######.
 Silence                  Hex/Air        #.........   100%        5    ######.
 Summon Forest            Summ/Tloc      #.........   100%        5    ######.
 Summon Mana Viper        Hex/Summ       #.......     100%        5    ######.
 Yara's Violent Unravell  Hex/Tmut       #.........   100%        5    ######.
 Conjure Ball Lightning   Conj/Air       #.........   100%        6    #######
 Darkness                 Hex            #.........   100%        6    #######
 Invisibility             Hex            #.......     100%        6    #######
 Shadow Creatures         Summ           N/A          100%        6    #######
 Simulacrum               Ice/Necr       #.........   100%        6    #######
 Starburst                Conj/Fire      #.........   100%        6    #######
 Ring of Flames           Chrm/Fire      #.........   100%        7    #######
 Summon Hydra             Summ           #.........   100%        7    #######
 Discord                  Hex            #.........   100%        8    #######
 Ignition                 Fire           #.........   100%        8    #######
 Tornado                  Air            #.........   100%        9    #######


Dungeon Overview and Level Annotations

Branches:
Dungeon (15/15)            Temple (1/1) D:7            Lair (6/6) D:8
  Swamp (4/4) Lair:4        Snake (4/4) Lair:3        Slime (0/5) Lair:6
    Orc (2/2) D:9             Elf (3/3) Orc:2        Vaults (4/5) D:13
  Crypt (0/3) Vaults:3     Depths (3/5) D:15          IceCv (visited)

Altars:
Dithmenos
Elyvilon
Fedhas
Gozag
Hepliaklqana
Kikubaaqudgha
Makhleb
Nemelex Xobeh
Okawaru
Qazlal
Ru
Sif Muna
Uskayaw
Wu Jian
Xom
Yredelemnul
The Shining One
Beogh
Jiyva

Shops:
D:7 !   D:9 *   Orc:2 [:=[   Elf:1 =   Elf:2 !**?:   Elf:3 *(   Snake:2 =}}
Vaults:1 }   Vaults:2 *   Vaults:3 }

Portals:
Hell: Depths:1 Depths:2 Depths:3
Abyss: Depths:3
Pandemonium: Depths:3
Ziggurat: Depths:3
Trove: D:10 (give +4 shadow dragon scales)

Annotations:
D:10 1 runed translucent door, Qyetur's ghost, journeyman TeSk
D:11 1 runed translucent door
Lair:1 2 runed translucent doors, skk's ghost, journeyman DDFi
Lair:5 3 runed translucent doors, exclusion: 3 oklob plants, Caath's ghost, journeyman DrFi
Lair:6 1 runed translucent door
Swamp:2 1 runed translucent door
Snake:1 1 runed translucent door, sleeves's ghost, adept BaSu
Orc:2 3 runed translucent doors, p0werm0de's ghost, journeyman DDFi
Elf:1 6 runed translucent doors
Elf:2 2 runed translucent doors
Depths:1 1 runed translucent door, Viocziel's ghost, adept TrMo


Innate Abilities, Weirdness & Mutations

You are resistant to damage.
You can heal yourself by infusing magical energy.
You resist negative energy. (rN+)
You passively map a large area around you.
You do not regenerate.
You are partially covered in iridescent scales. (AC +2)
You are agile. (Dex +2)
Armour fits poorly on your strangely shaped body.
Your body often deteriorates upon taking damage.
You are frail. (-10% HP)
You occasionally shout uncontrollably at your foes.
You are very weak. (Str -4)
[You often lose your temper in combat.]
[You are dopey. (Int -2)]
[You are sometimes teleported next to monsters.]


Message History

You block the ghostly deep elf demonologist's attack.
The deep elf annihilator mumbles some strange words.
The deep elf annihilator blinks!
Unknown command.
You slash the deep elf annihilator!
The lost soul assumes the form of the deep elf annihilator and becomes anchored to this world!
You hit the rust devil.
You miss the ghostly deep elf demonologist.
You block the rust devil's attack.
A deep elf demonologist comes into view.
It is wielding a +0 long sword.
You barely miss the ghostly deep elf annihilator.
You barely miss the rust devil.
You slash the ghostly deep elf demonologist!
The ghostly deep elf demonologist's magic leaks into the air.
The deep elf annihilator mumbles some strange words.
The deep elf annihilator blinks!
You block the ghostly deep elf demonologist's attack.
The ghostly deep elf annihilator gestures at you while chanting.
The crystal spear hits you!!!
You die... , , , ,,, , ,, .e# ,,* ,, * , e.# , ** e.# * .. * .e# ** ...# e.# ..### ##3.# ..#.### #eee#

###...##########@#
...............4†#
.....8..##########
........#
.<)..∩..#
........#
.....<.[#
........#
.....8+##


You could see a deep elf annihilator, 2 ghostly deep elf annihilators, 2 deep
elf death magi, a deep elf sorcerer, a deep elf demonologist, a ghostly deep elf
demonologist, a rust devil (summoned) and a sixfirhy (summoned).

Vanquished Creatures
  An ancient lich (Abyss:5)
  A caustic shrike (Depths:3)
  Saint Roka (Snake:2)
  A profane servitor (Abyss:4)
  A golden dragon (Depths:3)
  A hellephant (Abyss:4)
  5 bone dragons
  7 liches
  3 Hell Sentinels
  2 tentacled monstrosities
  Jorgrun (Orc:1)
  2 titans (Depths:3)
  A quicksilver dragon (Depths:3)
  2 Executioners
  A deep elf blademaster (Elf:2)
  20 tentacled starspawn
  2 thorn hunters
  Gastronok (Lair:1)
  3 sphinxes
  7 nagarajas
  6 fire giants
  Donald (Swamp:3)
  A deep elf sorcerer (Abyss:3)
  7 frost giants
  2 cacodemons (Abyss:4)
  10 vault wardens
  3 balrugs
  Aizul (Snake:2)
  12 ironheart preservers
  2 spriggan defenders (Depths:3)
  2 ghouls
  A reaper (Abyss:2)
  13 stone giants
  22 very ugly things
  2 ophanim
  2 entropy weavers
  A vampire knight (Depths:3)
  A deep elf demonologist (Abyss:4)
  A yellow draconian (Abyss:4)
  A lorocyproca (Abyss:4)
  A red draconian (Abyss:3)
  2 white draconians
  8 ettins
  Azrael (Snake:2)
  2 blizzard demons
  2 green deaths
  Snorg (D:13)
  An eidolon (Abyss:2)
  An ettin (shapeshifter) (Depths:3)
  13 ogre magi
  A crystal guardian (D:15)
  Josephine (Orc:1)
  2 deep elf high priests (Elf:1)
  12 great orbs of eyes
  6 fire dragons
  16 yaktaur captains
  12 ice dragons
  16 naga warriors
  7 rakshasas
  Harold (D:8)
  3 ghost crabs
  12 vault guards
  4 anacondas
  A merfolk avatar (Lair:6)
  A catoblepas (D:15)
  17 hydras
  5 death knights
  2 shambling mangroves
  A spriggan air mage (Depths:2)
  14 centaur warriors
  25 two-headed ogres
  32 dancing weapons
  15 alligators
  35 thrashing horrors
  8 deep troll shamans
  3 tengu warriors
  4 deep troll earth magi
  A death yak (IceCv)
  2 spriggan berserkers
  A vampire mage (Depths:3)
  11 shock serpents
  12 hell knights
  8 naga sharpshooters
  Nergalle (Orc:1)
  3 salamander mystics
  6 sun demons
  23 wretched stars
  2 sixfirhies
  A titan skeleton (Abyss:3)
  21 deep elf knights
  4 shadow wraiths
  7 unseen horrors
  8 spatial maelstroms
  7 flayed ghosts
  7 glowing orange brains
  An unseen horror (shapeshifter) (Vaults:4)
  An anaconda zombie (Abyss:3)
  10 deep trolls
  22 skeletal warriors
  2 death drakes (shapeshifter)
  4 wizards
  2 spriggan druids
  7 swamp dragons (Swamp:4)
  18 deep elf archers
  3 naga ritualists
  9 necromancers
  A wolf spider zombie (D:15)
  14 ironbrand convokers
  21 harpies
  2 phantasmal warriors
  14 orc knights
  2 salamanders (shapeshifter)
  54 deep elf magi
  3 mana vipers
  8 wolf spiders
  31 ugly things
  3 manticores
  A shadow dragon skeleton (Abyss:1)
  8 cyclopes
  10 salamanders
  4 shining eyes
  9 worldbinders
  5 guardian serpents
  An elephant (Lair:6)
  11 vault sentinels
  A water nymph (shapeshifter) (Depths:3)
  Joseph (D:8)
  31 naga magi
  2 black mambas (shapeshifter) (Depths:3)
  A shock serpent zombie (Abyss:3)
  32 black mambas
  An ice statue (IceCv)
  19 smoke demons
  30 spiny frogs
  7 apocalypse crabs
  An eye of devastation (shapeshifter) (Depths:3)
  3 gargoyles
  A titan simulacrum (Abyss:3)
  A torpor snail (Swamp:2)
  5 orange demons
  2 hellions
  A rime drake (shapeshifter) (Depths:3)
  7 rime drakes
  15 freezing wraiths
  4 efreet
  10 komodo dragons
  43 yaktaurs
  3 kobold demonologists
  A yaktaur (shapeshifter) (Depths:3)
  2 demonic crawlers
  4 red devils
  A golden dragon simulacrum (Abyss:3)
  6 hellwings
  2 tengu conjurers
  20 tyrant leeches
  A tormentor (Abyss:2)
  24 ancient zymes
  2 polar bears (shapeshifter)
  5 trolls
  20 hornets
  22 polar bears
  A jumping spider (shapeshifter) (Vaults:1)
  A harpy skeleton (Abyss:2)
  3 meliai (shapeshifter)
  4 meliai
  A shadow dragon simulacrum (Abyss:3)
  A hornet (shapeshifter) (Vaults:1)
  28 blink frogs
  A wolf spider simulacrum (D:15)
  30 slime creatures
  13 hippogriffs
  63 raiju
  Prince Ribbit (D:5)
  A hippogriff (shapeshifter) (Vaults:3)
  A blink frog (shapeshifter) (Depths:1)
  6 bog bodies
  55 large abominations
  A frost giant simulacrum (Vaults:2)
  2 meliai zombies (D:15)
  A redback (shapeshifter) (D:14)
  10 flying skulls
  A redback (Vaults:3)
  2 vampires
  4 air elementals
  A centaur simulacrum (D:15)
  2 yaks (shapeshifter)
  5 spriggans
  8 shadows
  11 wraiths
  55 yaks
  A human (D:9)
  A wyvern (shapeshifter) (D:15)
  Sigmund (D:2)
  12 ynoxinuls
  85 starcursed masses
  4 hogs (D:9)
  6 water elementals
  A tarantella (shapeshifter) (Vaults:1)
  2 basilisks (shapeshifter)
  6 wyverns
  4 basilisks
  4 golden eyes
  7 fire elementals
  16 neqoxecs
  A steam dragon (D:11)
  An emperor scorpion simulacrum (Abyss:2)
  3 hungry ghosts
  17 chaos spawn
  24 vampire mosquitoes
  7 spatial vortices
  14 insubstantial wisps
  16 swamp worms
  6 wargs (Orc:2)
  10 hell hounds
  A soldier ant (shapeshifter) (Vaults:4)
  52 nagas
  4 acid dragons
  12 water moccasins
  A water moccasin (shapeshifter) (Abyss:5)
  30 small abominations
  6 swamp drakes
  2 floating eyes (Depths:3)
  12 ice beasts
  9 porcupines
  45 orc warriors
  2 phantoms
  5 sky beasts
  2 black bears
  A black bear (shapeshifter) (Abyss:2)
  6 eyes of draining
  An ice beast (shapeshifter) (D:13)
  13 boggarts
  An ice dragon simulacrum (Abyss:4)
  41 wolves
  21 ogres
  7 necrophages
  17 crocodiles
  3 centaurs
  An elf simulacrum (Vaults:1)
  22 bullfrogs
  7 big kobolds
  8 earth elementals
  A gnoll sergeant (D:8)
  3 wyvern zombies
  3 scorpions
  9 killer bees
  A snapping turtle simulacrum (Abyss:4)
  5 electric eels (Lair:2)
  15 wights
  A howler monkey (D:9)
  6 centaur zombies
  12 crimson imps
  3 bullfrog zombies
  10 quasits
  A human zombie (Abyss:3)
  9 hounds
  25 orc priests
  6 centaur skeletons
  9 jellies
  4 bullfrog skeletons
  24 orc wizards
  9 iron imps
  7 iguanas
  16 worker ants
  A killer bee zombie (D:5)
  A mummy (D:8)
  A hound skeleton (D:10)
  2 worker ant zombies
  Robin (D:3)
  29 adders
  8 gnolls
  A howler monkey skeleton (D:9)
  6 shadow imps
  5 white imps
  5 oozes (D:8)
  6 ufetubi
  An adder skeleton (D:4)
  A dart slug (D:1)
  4 leopard geckos
  133 orcs
  5 giant cockroaches
  12 goblins
  10 hobgoblins
  12 jackals
  22 kobolds
  4 quokkas
  2 ball pythons
  6 bats
  5 frilled lizards
  A jackal skeleton (D:7)
  A jackal zombie (D:7)
  A leopard gecko skeleton (D:4)
  6 rats
  4 briar patches (Swamp:3)
  A crawling corpse (Elf:1)
  A fire vortex (Depths:3)
  6 fungi
  2 lurking horrors
  8 plants
  32 starspawn tentacles
2598 creatures vanquished.

Vanquished Creatures (collateral kills)
  Mara (Swamp:4)
  A Hell Sentinel (Abyss:2)
  Agnes (D:15)
  A daeva (Abyss:4)
  A frost giant (Depths:3)
  A deep elf demonologist (Elf:1)
  A dire elephant (Lair:5)
  A deep elf death mage (Elf:1)
  4 hydras
  A naga sharpshooter (Snake:4)
  A tengu warrior (Depths:3)
  3 deep elf knights (Elf:1)
  2 skeletal warriors (D:10)
  A naga ritualist (Snake:4)
  An orc sorcerer (Elf:1)
  A salamander (Depths:3)
  2 naga magi (Snake:4)
  A rime drake (Lair:6)
  An ancient zyme (Abyss:5)
  A polar bear (Lair:5)
  A basilisk (Lair:6)
  A neqoxec (Abyss:4)
  A naga (Snake:4)
  A swamp drake (Swamp:3)
  A sky beast (D:10)
  A wolf (Lair:6)
  A wyvern zombie (D:14)
  3 starcursed masses
37 creatures vanquished.

Vanquished Creatures (others)
  A naga warrior (Snake:4)
  A rakshasa (Depths:3)
  A hydra (Swamp:4)
  A tengu warrior (Depths:1)
  A deep elf knight (Elf:1)
  An orc knight (Vaults:2)
  4 deep elf magi (Elf:1)
  A naga mage (Snake:4)
  4 raiju
  A bog body (Swamp:1)
  A hornet (Swamp:1)
  A water elemental (Elf:1)
  A golden eye (Abyss:3)
  A chaos spawn (Abyss:4)
  2 nagas
  An insubstantial wisp (Swamp:1)
  A hell hound (Snake:2)
  A small abomination (Abyss:5)
  2 swamp drakes
  A boggart (Depths:1)
  A white imp (Depths:3)
  An ufetubus (Depths:3)
  8 briar patches
  16 fungi
  5 lurking horrors
  36 plants
  40 starspawn tentacles
  22 toadstools
  2 withered plants (Snake:1)
159 creatures vanquished.

Grand Total: 2794 creatures vanquished

Notes
Turn   | Place    | Note
-------+----------+-------------------------------------------
     0 | D:1      | Aviak the Deep Dwarf Fighter began the quest for the Orb.
     0 | D:1      | Reached XP level 1. HP: 20/20 MP: 1/1
   102 | D:1      | Reached XP level 2. HP: 20/27 MP: 2/2
   439 | D:1      | Reached XP level 3. HP: 11/34 MP: 3/3
   924 | D:2      | Found a hazy altar of Hepliaklqana.
  1081 | D:2      | Noticed Sigmund
  1090 | D:2      | Killed Sigmund
  1090 | D:2      | Reached XP level 4. HP: 26/43 MP: 4/4
  1090 | D:2      | Reached XP level 5. HP: 29/49 MP: 5/5
  1366 | D:2      | Found an ornate altar of the Wu Jian Council.
  1853 | D:3      | Noticed Robin
  1874 | D:3      | Killed Robin
  1875 | D:3      | Found an iron altar of Okawaru.
  1944 | D:3      | Found an opulent altar of Gozag.
  1962 | D:3      | Reached XP level 6. HP: 42/57 MP: 5/5
  2721 | D:5      | Entered Level 5 of the Dungeon
  2779 | D:5      | Noticed Prince Ribbit
  2784 | D:5      | Reached skill level 5 in Shields
  2792 | D:5      | Reached skill level 5 in Armour
  3010 | D:5      | Reached XP level 7. HP: 34/64 MP: 6/6
  3056 | D:5      | Found a hide-covered altar of Uskayaw.
  3062 | D:5      | Killed Prince Ribbit
  3062 | D:5      | Reached skill level 5 in Axes
  4051 | D:6      | Reached skill level 5 in Fighting
  4051 | D:6      | Reached XP level 8. HP: 28/74 MP: 7/7
  4465 | D:7      | Found Veuvimei's Distillery.
  4484 | D:7      | Bought a potion of heal wounds for 75 gold pieces
  4484 | D:7      | Bought a potion of haste for 150 gold pieces
  4484 | D:7      | Bought a potion of heal wounds for 75 gold pieces
  4484 | D:7      | Bought a potion of curing for 45 gold pieces
  4685 | D:7      | Found a staircase to the Ecumenical Temple.
  4703 | Temple   | Entered the Ecumenical Temple
  4816 | Temple   | Became a worshipper of Makhleb the Destroyer
  5046 | D:7      | Found a sacrificial altar of Ru.
  5047 | D:7      | Found a sparkling altar of Nemelex Xobeh.
  5205 | D:8      | Gained mutation: You passively map the area around you.
                  | [Deep Dwarf growth]
  5205 | D:8      | Reached XP level 9. HP: 46/81 MP: 6/6
  5414 | D:8      | Noticed Harold
  5435 | D:8      | Reached skill level 1 in Invocations
  5467 | D:8      | Killed Harold
  5521 | D:8      | Reached * piety under Makhleb
  5765 | D:8      | Reached XP level 10. HP: 42/94 MP: 4/4
  5795 | D:8      | Reached ** piety under Makhleb
  5966 | D:8      | Found a staircase to the Lair.
  5967 | D:8      | Noticed Joseph
  6009 | D:8      | Killed Joseph
  6135 | D:9      | Found a staircase to the Orcish Mines.
  6251 | D:9      | Reached skill level 5 in Invocations
  6335 | D:9      | Reached *** piety under Makhleb
  6439 | D:9      | Found Gucsaph's Assorted Antiques.
  6451 | D:9      | Noticed a guardian serpent
  6483 | D:9      | Killed a guardian serpent
  6522 | D:9      | Found the ring of the Mage {Wiz MR++ Int+3}
  6889 | D:10     | Entered Level 10 of the Dungeon
  7028 | D:10     | Reached XP level 11. HP: 92/104 MP: 5/5
  7251 | D:10     | Killed an unseen horror
  7251 | D:10     | Reached skill level 10 in Axes
  7287 | D:10     | Reached **** piety under Makhleb
  7479 | D:10     | Identified the +3 leather armour of the Gate {*Drain rPois
                  | Str+2}
  7591 | D:10     | Found a portal to a secret trove of treasure.
  7601 | D:10     | Found a runed translucent door.
  7602 | D:10     | Noticed a spriggan rider
  7602 | D:10     | Identified the +5 spear "Tocerphoo" {venom, Stlth+}
  7603 | D:10     | Noticed Qyetur's ghost (journeyman TeSk)
  7769 | D:10     | Killed an unseen horror
  7848 | D:10     | Noticed a skeletal warrior
  7850 | D:10     | Noticed a skeletal warrior
  7850 | D:10     | Noticed a skeletal warrior
  7853 | D:10     | Noticed a skeletal warrior
  7870 | D:10     | Killed a skeletal warrior
  7885 | D:10     | Killed a skeletal warrior
  7898 | D:10     | Killed a skeletal warrior
  7921 | D:10     | Killed a skeletal warrior
  8450 | Lair:1   | Entered Level 1 of the Lair of Beasts
  8526 | Lair:1   | Found a runed translucent door.
  8526 | Lair:1   | Noticed Gastronok
  8527 | Lair:1   | Noticed skk's ghost (journeyman DDFi)
  8527 | Lair:1   | Noticed a spriggan rider
  8529 | Lair:1   | Identified the +5 trident "Atreohuf" {venom, +Inv rC-
                  | Dex+4}
  8544 | Lair:1   | Killed Gastronok
  8635 | Lair:1   | Reached XP level 12. HP: 108/116 MP: 6/6
  8717 | Lair:1   | Reached skill level 10 in Fighting
  8730 | Lair:1   | Reached skill level 10 in Shields
  8735 | Lair:1   | Reached skill level 10 in Armour
  8736 | Lair:1   | Found a frozen archway.
  8754 | IceCv    | Entered an ice cave
  8833 | IceCv    | Reached ***** piety under Makhleb
  8875 | IceCv    | Noticed a death yak
  8886 | IceCv    | Killed a death yak
  9119 | IceCv    | Noticed a white draconian
  9146 | IceCv    | Killed a white draconian
  9595 | Lair:1   | Noticed a dire elephant
  9595 | Lair:1   | Noticed a catoblepas
  9606 | Lair:1   | Noticed an eight-headed hydra
  9619 | Lair:1   | Killed a 17-headed hydra
  9619 | Lair:1   | Reached XP level 13. HP: 65/127 MP: 8/8
  9638 | Lair:1   | Found a runed translucent door.
 10870 | Lair:3   | Reached skill level 1 in Evocations
 11009 | Lair:3   | Reached ****** piety under Makhleb
 11171 | Lair:3   | Found a staircase to the Snake Pit.
 11236 | Lair:3   | Reached skill level 10 in Invocations
 11812 | Lair:4   | Found a staircase to the Swamp.
 12991 | Lair:5   | Found a runed translucent gate.
 12992 | Lair:5   | Found a runed translucent gate.
 12993 | Lair:5   | Found a runed translucent gate.
 13242 | Lair:5   | Noticed Caath's ghost (journeyman DrFi)
 13242 | Lair:5   | Noticed a death ooze
 13244 | Lair:5   | Noticed a death ooze
 13453 | Lair:5   | Found a viscous altar of Jiyva.
 13497 | Lair:6   | Entered Level 6 of the Lair of Beasts
 13542 | Lair:6   | Gained mutation: You resist negative energy. (rN+) [Deep
                  | Dwarf growth]
 13542 | Lair:6   | Reached XP level 14. HP: 112/138 MP: 10/10
 13999 | Lair:6   | Reached skill level 5 in Evocations
 14165 | Lair:6   | Found a runed translucent door.
 14166 | Lair:6   | Noticed an azure jelly
 14176 | Lair:6   | Found a viscous altar of Jiyva.
 14176 | Lair:6   | Found a staircase to the Slime Pits.
 14176 | Lair:6   | Noticed an azure jelly
 14683 | Orc:1    | Entered Level 1 of the Orcish Mines
 14807 | Orc:2    | Entered Level 2 of the Orcish Mines
 14807 | Orc:2    | Found a roughly hewn altar of Beogh.
 14849 | Orc:2    | Found a runed translucent gate.
 14849 | Orc:2    | Found a runed translucent gate.
 14849 | Orc:2    | Found a runed translucent gate.
 14854 | Orc:2    | Found a staircase to the Elven Halls.
 15025 | Orc:2    | Found a roughly hewn altar of Beogh.
 15044 | Orc:2    | Found Amnyuva's Antique Armour Shoppe.
 15044 | Orc:2    | Found Zitygaq's Jewellery Shop.
 15113 | Orc:2    | Bought a runed kite shield for 217 gold pieces
 15135 | Orc:2    | Bought the ring "Xywol" {rElec rN++ rCorr Str+3 Stlth+} for
                  | 696 gold pieces
 15411 | Orc:2    | Found Etetsuadd's Book Shoppe.
 15411 | Orc:2    | Found Uffado's Armour Shop.
 15630 | Orc:2    | Noticed p0werm0de's ghost (journeyman DDFi)
 15664 | Orc:1    | Noticed Nergalle
 15680 | Orc:1    | Killed Nergalle
 15910 | Orc:1    | Noticed Josephine
 15920 | Orc:1    | Killed Josephine
 15961 | Orc:1    | Noticed Jorgrun
 15974 | Orc:1    | Killed Jorgrun
 16005 | Orc:1    | Found a roughly hewn altar of Beogh.
 16645 | D:11     | Reached XP level 15. HP: 132/147 MP: 8/8
 16818 | D:11     | Found a runed translucent door.
 16904 | D:11     | Identified a scroll of acquirement
 16905 | D:11     | Got the amulet "Elaxt" {Acrobat Dex+3}
 16995 | D:11     | Found a blossoming altar of Fedhas.
 17093 | D:11     | Reached skill level 15 in Axes
 17289 | D:11     | Found the +18 shield of the Gong {rElec rN+ MR+ EV-5}
 17289 | D:11     | Found the ring of the Octopus King
 17317 | D:11     | Got a brightly glowing steel amulet
 17319 | D:11     | Got a ring of the Octopus King
 18042 | D:9      | Bought an encrusted plate armour for 728 gold pieces
 18042 | D:9      | Bought a potion of curing for 78 gold pieces
 18042 | D:9      | Bought a scroll of enchant armour for 195 gold pieces
 18054 | D:9      | Identified the +2 plate armour "Lunyeg" {MP+9 Int+4} (You
                  | bought it in a shop on level 9 of the Dungeon)
 18327 | D:12     | Identified the Papyrus of the Special Queens
 19071 | D:13     | Noticed Snorg
 19083 | D:13     | Killed Snorg
 19180 | D:13     | Found a gate to the Vaults.
 19222 | D:13     | Identified the amulet "Etheiwaph" {Fragile +Blink Regen+
                  | Dex+4} (You found it on level 11 of the Dungeon)
 20412 | D:14     | Got a fine golden ring
 20620 | D:15     | Entered Level 15 of the Dungeon
 20637 | D:15     | Noticed Agnes
 20652 | D:15     | Killed Agnes
 20859 | Swamp:1  | Entered Level 1 of the Swamp
 20945 | Swamp:1  | Reached XP level 16. HP: 122/159 MP: 8/8
 21013 | Swamp:1  | Identified the ring "Lorrifao" {rElec rN+ MR+ Stlth+} (You
                  | found it on level 14 of the Dungeon)
 21880 | Swamp:2  | Found the +7 captain's cutlass {speed, disarm}
 22041 | Swamp:2  | Found a runed translucent door.
 22416 | Swamp:3  | Noticed Donald
 22438 | Swamp:3  | Killed Donald
 22504 | Swamp:3  | Noticed a thorn hunter
 22823 | Swamp:3  | Killed a thorn hunter
 23318 | Swamp:4  | Entered Level 4 of the Swamp
 23326 | Swamp:4  | Noticed Mara
 23333 | Swamp:4  | Noticed Aviak's illusion
 23349 | Swamp:4  | Gained mutation: Your mind is acute. (Int +2) [potion of
                  | mutation]
 23349 | Swamp:4  | Gained mutation: You are partially covered in iridescent
                  | scales. (AC +2) [potion of mutation]
 23349 | Swamp:4  | Gained mutation: You are agile. (Dex +2) [potion of
                  | mutation]
 23511 | Swamp:4  | Got a decaying rune of Zot
 23552 | Swamp:4  | Noticed Aviak's illusion
 23649 | Swamp:4  | Noticed a thorn hunter
 23697 | Swamp:4  | Killed a thorn hunter
 23854 | Swamp:4  | Noticed Aviak's illusion
 23867 | Swamp:4  | Killed Mara
 23867 | Swamp:4  | Reached skill level 15 in Fighting
 23867 | Swamp:4  | Reached XP level 17. HP: 59/170 MP: 6/6
 24016 | Snake:1  | Entered Level 1 of the Snake Pit
 24261 | Snake:1  | Identified a ring of the Octopus King {rF+ AC+1 EV+1 Str+1
                  | Int+1 Dex+1} (You found it on level 11 of the Dungeon)
 24374 | Snake:1  | Found a runed translucent door.
 24374 | Snake:1  | Noticed sleeves's ghost (adept BaSu)
 24662 | Snake:2  | Noticed Aizul
 24677 | Snake:2  | Killed Aizul
 24838 | Snake:2  | Noticed Azrael
 24860 | Snake:2  | Killed Azrael
 25235 | Snake:2  | Found Ysafi's Gadget Boutique.
 25236 | Snake:2  | Found Taviab Gach's Jewellery Emporium.
 25243 | Snake:2  | Found Vytt's Gadget Boutique.
 25295 | Snake:3  | Noticed Saint Roka
 25320 | Snake:2  | Killed Saint Roka
 25779 | Snake:3  | Found a flickering gateway to a bazaar.
 26352 | Snake:4  | Entered Level 4 of the Snake Pit
 26462 | Snake:4  | Gained mutation: You passively map a large area around you.
                  | [Deep Dwarf growth]
 26462 | Snake:4  | Reached XP level 18. HP: 181/181 MP: 8/8
 26635 | Snake:4  | Got a serpentine rune of Zot
 26647 | Snake:4  | Reached skill level 15 in Invocations
 27633 | Vaults:1 | Entered Level 1 of the Vaults
 27729 | Vaults:1 | Reached skill level 1 in Dodging
 27963 | Vaults:1 | Reached skill level 15 in Armour
 27995 | Vaults:1 | Reached skill level 15 in Shields
 28520 | Vaults:1 | Found Hailui's Gadget Shop.
 29272 | Vaults:2 | Reached XP level 19. HP: 190/190 MP: 8/8
 29609 | Vaults:2 | Found Liupse's Assorted Antiques.
 29617 | Vaults:2 | Bought a potion of haste for 260 gold pieces
 29617 | Vaults:2 | Bought a potion of haste for 260 gold pieces
 29963 | Vaults:2 | Reached skill level 5 in Dodging
 30365 | Vaults:3 | Got a slimy helmet
 30376 | Vaults:3 | Identified the +2 helmet of Coly {Int+2} (You found it on
                  | level 3 of the Vaults)
 30614 | Vaults:3 | Found Deqofruo's Gadget Emporium.
 31002 | Vaults:3 | Found a staircase to the Crypt.
 31002 | Vaults:3 | Found a basalt altar of Yredelemnul.
 31003 | Vaults:3 | Found an ancient bone altar of Kikubaaqudgha.
 31809 | Vaults:4 | Noticed a lich
 31824 | Vaults:4 | Killed a lich
 31824 | Vaults:4 | Reached XP level 20. HP: 199/199 MP: 10/10
 31889 | Vaults:4 | Found a flickering gateway to a bazaar.
 31981 | Bazaar   | Entered a bazaar
 31982 | Bazaar   | Found Loelarhydapt's Food Shoppe.
 31998 | Bazaar   | Found Ivokh's Food Shop.
 32005 | Bazaar   | Found Ogicerie's General Store.
 32014 | Bazaar   | Found Tawergh's Jewellery Boutique.
 32994 | D:15     | Found a glowing golden altar of the Shining One.
 32994 | D:15     | Found a burning altar of Makhleb.
 32995 | D:15     | Found a glowing golden altar of the Shining One.
 33110 | D:15     | Found a staircase to the Depths.
 33545 | D:15     | Identified the Tome of the Voyage and the Birds
 34032 | Depths:1 | Entered Level 1 of the Depths
 34202 | Depths:1 | Reached XP level 21. HP: 210/210 MP: 11/11
 34372 | Depths:1 | Found a runed translucent door.
 34375 | Depths:1 | Noticed Viocziel's ghost (adept TrMo)
 34565 | Depths:1 | Found a gateway to Hell.
 34997 | Depths:2 | Found a flickering gateway to a bazaar.
 35007 | Bazaar   | Entered a bazaar
 35007 | Bazaar   | Found Cuebiopu's Gadget Boutique.
 35007 | Bazaar   | Found Seblim's Distillery.
 35007 | Bazaar   | Found Sieh's Distillery.
 35007 | Bazaar   | Found Abarch's General Store.
 35007 | Bazaar   | Found Fang's Book Boutique.
 35022 | Bazaar   | Bought a potion of heal wounds for 50 gold pieces
 35022 | Bazaar   | Bought a potion of might for 40 gold pieces
 35026 | Bazaar   | Bought a potion of heal wounds for 65 gold pieces
 35802 | Depths:3 | Found a one-way gate leading to the halls of Pandemonium.
 35957 | Depths:3 | Noticed a caustic shrike
 35977 | Depths:3 | Killed a caustic shrike
 36043 | Depths:3 | Found a one-way gate to the infinite horrors of the Abyss.
 36182 | Depths:3 | Noticed a golden dragon
 36199 | Depths:3 | Killed a golden dragon
 36199 | Depths:3 | Reached skill level 10 in Dodging
 36222 | Depths:3 | Got a translucent steel ring
 36223 | Depths:3 | Identified the ring "Fidghiprul" {AC+4 Int-2 Dex+6} (You
                  | found it on level 3 of the Depths)
 36328 | Depths:3 | Reached XP level 22. HP: 101/222 MP: 13/13
 36331 | Depths:3 | Found the +10 tower shield of Ignorance {rN+ Int-4}
 36735 | Depths:3 | Found a gateway to a ziggurat.
 36738 | Depths:3 | Paralysed by a floating eye for 3 turns
 36749 | Depths:3 | Paralysed by a floating eye for 2 turns
 36761 | Depths:3 | Paralysed by a floating eye for 4 turns
 36776 | Depths:3 | Paralysed by a floating eye for 2 turns
 36855 | Depths:3 | Paralysed by a floating eye for 2 turns
 36860 | Depths:3 | Paralysed by a floating eye for 2 turns
 36867 | Depths:3 | Gained mutation: You are frail. (-10% HP) [a shining eye]
 36870 | Depths:3 | Gained mutation: You are weak. (Str -2) [a shining eye]
 37535 | Depths:3 | Voluntarily entered the Abyss.
 37585 | Abyss:1  | Found a corrupted altar of Lugonu.
 37588 | Abyss:1  | Found a corrupted altar of Lugonu.
 37714 | Abyss:1  | Found a corrupted altar of Lugonu.
 38045 | Abyss:2  | Paralysed by accursed screaming for 1 turns
 38051 | Abyss:2  | Paralysed by accursed screaming for 1 turns
 38054 | Abyss:2  | Paralysed by accursed screaming for 2 turns
 38337 | Abyss:2  | Found a corrupted altar of Lugonu.
 38919 | Abyss:2  | Paralysed by accursed screaming for 1 turns
 38924 | Abyss:2  | Paralysed by accursed screaming for 1 turns
 39538 | Abyss:3  | Found a corrupted altar of Lugonu.
 39710 | Abyss:3  | Found a corrupted altar of Lugonu.
 39736 | Abyss:3  | Gained mutation: Scrolls take you a little longer to read.
                  | [a shining eye]
 39739 | Abyss:3  | Gained mutation: Armour fits poorly on your strangely
                  | shaped body. [a shining eye]
 39858 | Abyss:3  | Found a roughly hewn altar of Beogh.
 40228 | Abyss:3  | Reached XP level 23. HP: 150/211 MP: 4/12
 40252 | Abyss:4  | Found a corrupted altar of Lugonu.
 40276 | Abyss:4  | Found a burning altar of Makhleb.
 40383 | Abyss:4  | Lost intelligence.
 40390 | Abyss:4  | Paralysed by accursed screaming for 1 turns
 40394 | Abyss:4  | Paralysed by accursed screaming for 2 turns
 40403 | Abyss:4  | Paralysed by accursed screaming for 1 turns
 40419 | Abyss:4  | Paralysed by accursed screaming for 1 turns
 40424 | Abyss:4  | Paralysed by accursed screaming for 2 turns
 40475 | Abyss:4  | HP: 3/164 [bone dragon[an orange crystal statue] (9)]
 40482 | Depths:3 | Escaped the Abyss
 40503 | Depths:3 | Lost mutation: Scrolls take you a little longer to read.
                  | [potion of mutation]
 40503 | Depths:3 | Lost mutation: Your mind is acute. (Int +2) [potion of
                  | mutation]
 40503 | Depths:3 | Gained mutation: You have supernaturally acute eyesight.
                  | (SInv) [potion of mutation]
 40837 | Elf:1    | Entered Level 1 of the Elven Halls
 40907 | Elf:1    | Found Iliade's Jewellery Boutique.
 40953 | Elf:1    | Bought the amulet "Pur Ynoh" {Reflect MR+ SH+5} for 553
                  | gold pieces
 41281 | Elf:1    | Found a runed translucent gate.
 41281 | Elf:1    | Found a runed translucent gate.
 41281 | Elf:1    | Found a runed translucent gate.
 41281 | Elf:1    | Found a runed translucent gate.
 41281 | Elf:1    | Found a runed translucent gate.
 41283 | Elf:1    | Found a runed translucent gate.
 41808 | Elf:2    | Found a large runed translucent door.
 41808 | Elf:2    | Found a large runed translucent door.
 41834 | Elf:2    | Found a large runed translucent door.
 41834 | Elf:2    | Found a large runed translucent door.
 41891 | Elf:2    | Found Oqinemu's Assorted Antiques.
 41907 | Elf:2    | Found Muwoyn's Distillery.
 41915 | Elf:2    | Bought a potion of heal wounds for 85 gold pieces
 41946 | Elf:2    | Bought a potion of heal wounds for 170 gold pieces
 42194 | Elf:2    | Found Diddoug's General Store.
 42201 | Elf:2    | Found Xorchaynt's Book Boutique.
 42245 | Elf:2    | Found Meaw's Magic Scroll Shop.
 42876 | Elf:2    | Cast into level 2 of the Abyss (+1 bardiche of distortion)
 43335 | Abyss:3  | Lost intelligence.
 43354 | Abyss:3  | Gained mutation: Your body sometimes deteriorates upon
                  | taking damage. [a neqoxec]
 43519 | Abyss:3  | Reached XP level 24. HP: 222/222 MP: 2/11
 43930 | Abyss:4  | Gained mutation: Your body often deteriorates upon taking
                  | damage. [a neqoxec]
 43932 | Abyss:4  | Gained mutation: You occasionally shout uncontrollably at
                  | your foes. [a neqoxec]
 44142 | Abyss:4  | Lost mutation: You have supernaturally acute eyesight.
                  | (SInv) [a cacodemon]
 44226 | Abyss:4  | Paralysed by you for 6 turns
 44246 | Abyss:4  | Paralysed by accursed screaming for 2 turns
 44466 | Abyss:4  | Found a corrupted altar of Lugonu.
 44494 | Abyss:4  | Paralysed by an apocalypse crab for 7 turns
 44916 | Abyss:4  | Paralysed by accursed screaming for 2 turns
 44920 | Abyss:5  | Entered Level 5 of the Abyss
 44996 | Abyss:5  | Found a shattered altar of Ashenzari.
 45197 | Abyss:5  | Gained mutation: You are very weak. (Str -4) [a neqoxec]
 45216 | Abyss:5  | Reached XP level 25. HP: 233/233 MP: 3/11
 45251 | Abyss:5  | Paralysed by accursed screaming for 1 turns
 45302 | Abyss:5  | Lost intelligence.
 45316 | Abyss:5  | Noticed an ancient lich
 45339 | Abyss:5  | Killed an ancient lich
 45343 | Abyss:5  | Gained mutation: [You are sometimes teleported next to
                  | monsters.] [a neqoxec]
 45346 | Abyss:5  | HP: 7/181 [Executioner (10)]
 45347 | Elf:2    | Escaped the Abyss
 45534 | Elf:3    | Entered Level 3 of the Elven Halls
 45549 | Elf:3    | Found Bootraek's Antique Weapon Shoppe.
 45549 | Elf:3    | Found Pyefing's Assorted Antiques.
 45587 | Elf:3    | Killed from afar by a ghostly deep elf annihilator

Illustrated notes

Levels and vault maps discovered:
D:1:      dpeg_arrival_pond, layout_basic, serial_bayou_lagoon_b
D:2:      layout_loops_ring, marbit_many_paths, old_standard_altar,
          kennysheep_cross_bottleneck, uniq_sigmund
D:3:      layout_rooms, nicolae_overflow_crystal_walls,
          okawaru_altar_gauntlet_db, uniq_robin
D:4:      layout_cave_pools, kennysheep_big_empty_room
D:5:      layout_basic, lemuel_crystal_altar, first_ration, uniq_prince_ribbit1
D:6:      layout_loops_ring, serial_bayou_crossing
D:7:      layout_loops_cross, minitemple, minmay_temple_entry_statues_pillars,
          serial_shops, shop
D:8:      cheibrodos_fertilizer, layout_cave_pools, david_lair_shrubbed,
          serial_undead, serial_undead_b, serial_undead_c, serial_undead_f,
          serial_undead_d, uniq_joseph, uniq_harold
D:9:      layout_gridville, hiddenorc2_lemuel, serial_shops,
          nicolae_shop_window_shopping, grunt_livestock,
          nrook_guardian_serpent_double
D:10:     layout_roguey, enter_trove_3, ebering_ghost_funeral_grove,
          serial_co_window_serial, co_window_paths_b,
          co_window_of_opportunity_a, co_window_paths_a,
          co_window_of_opportunity_a, co_window_paths_b, co_window_corner_b,
          co_window_broadway_c, co_window_broadway_b, co_window_broadway_a,
          co_window_unsneaky_path_b, co_window_corner_ca, minmay_joined_circles
D:11:     minmay_the_grid_triangle_9x9_recursive_3
          [minmay_the_grid_triangle_9x9_dagger,
          minmay_the_grid_triangle_9x9_pentomino_pain,
          minmay_the_grid_triangle_9x9_alien,
          minmay_the_grid_triangle_9x9_prize_center,
          minmay_the_grid_triangle_9x9_windchime,
          minmay_the_grid_triangle_9x9_corrupted_corridor,
          minmay_the_grid_triangle_9x9_checkered,
          minmay_the_grid_triangle_9x9_shrine,
          minmay_the_grid_triangle_9x9_subtriangle], layout_basic,
          kennysheep_diamond
D:12:     layout_grid_maze
D:13:     layout_loops_cross, erik_vaults_2, uniq_snorg
D:14:     layout_long_grid, nicolae_water_bricks, grunt_decor_clamped
D:15:     hangedman_slaughterboxes, uniq_agnes
Temple:   regret_index_temple_generic_petals
Lair:1:   gammafunk_lair_enchanted_lake, layout_regular_city,
          ebering_ghost_funeral_grove, portal_ice_cave_entry_ice_beasts,
          chequers_serial_rivers_large_a, lemuel_fruit_fields, uniq_gastronok
Lair:2:   layout_chaotic_city, small_statue_intersection, minmay_lindwurm_lava
Lair:3:   layout_regular_city, guppyfry_snake_entry_island, grunt_megastairs_2
Lair:4:   minmay_lair_venomous_thicket, layout_layer_cave,
          minmay_swamp_entry_reptiles, beast_lair_carwin_9, grunt_megastairs_4
Lair:5:   layout_cave_shapes, gammafunk_ghost_ooze, minmay_lair_oklob_chamber,
          lemuel_fruit_fields
Lair:6:   gammafunk_lair_ancient_temple, layout_cave_pods, slime_altar_2
Swamp:1:  layout_falls_marsh, evilmike_swamp_ruin_house_4
Swamp:2:  gammafunk_mikee_crab_dinner, layout_falls_marsh,
          hangedman_swamp_diagram, swamp_pool2, worms_lemuel,
          infiniplex_staircase_pool_2
Swamp:3:  cheibrodos_swamp_tower_of_moss, layout_basic_swamp,
          evilmike_swamp_ruin_house_1, uniq_donald
Swamp:4:  swamp_alternative, layout_basic_swamp, swamp_pool1,
          roderic_carrion_pond, uniq_mara
Snake:1:  nicolae_snake_hallway, layout_rooms, gammafunk_ghost_grave,
          lemuel_fruit_tree
Snake:2:  layout_misc_corridors, minmay_shop_grove, uniq_azrael, uniq_aizul
Snake:3:  layout_layer_cave, serial_shops, bzr_entry_water, serial_bayou_pond_c,
          uniq_saint_roka
Snake:4:  snake_pit, layout_cave_town, grunt_ministairs_8
Orc:1:    nicolae_orc_accident_2, layout_caves, lightli_orcish_oven,
          uniq_jorgrun, uniq_josephine, uniq_nergalle
Orc:2:    st_orc_town, layout_diamond_mine, ebering_ghost_rock_garden,
          basic_altar
Elf:1:    eino_elf_arrival_shootout, layout_loops_ring, serial_shops,
          nicolae_shop_statue_plus, orc_legates, minivault_28
Elf:2:    layout_gridlike, serial_shops, shop_fountains,
          nicolae_shop_waterfront, shop, nicolae_shop_crystal, shop,
          serial_sigils, serial_sigils_hangedman_snap,
          serial_sigils_hangedman_carve, serial_sigils_hangedman_quiver,
          serial_sigils_hangedman_quiver, corexii_hall_statues_l
Elf:3:    minmay_elf_hall_x, layout_geoelf_octagon, serial_shops, shop_statue,
          shop, minmay_shop_star
Vaults:1: st_quartered_hall, vaults_mumra_minichess,
          nicolae_vaults_stairing_the_circle, nicolae_vaults_circle_grid_a,
          nicolae_vaults_disjoint_gnomons, v_misc_1, v_misc_9,
          nicolae_vaults_little_squares_4, nicolae_vaults_rhombus_5,
          grunt_vaults_twisty, vaults_room_pool, vaults_dpeg_diagonal,
          vaults_dpeg_hooks, hangedman_vaults_stretched_pinwheel,
          layout_vaults_ring, serial_shops, shop
Vaults:2: v_alt_pattern_2, nicolae_vaults_minivaults,
          hangedman_vaults_corner_blocks, vaults_mumra_hex, v_alt_pattern_5,
          nicolae_vaults_little_squares_2, nicolae_vaults_network_barrier,
          vaults_standard_mumra_x, ontoclasm_vaults_loading_screen,
          hangedman_vaults_trim, layout_vaults_chaotic_city, serial_shops,
          shop_fountains
Vaults:3: v_misc_24, v_pattern_3, nicolae_vaults_alarming, grunt_vaults_swirl,
          vaults_room_hallway, layout_vaults_quadrants,
          minmay_crypt_entry_necro_gods, serial_shops, nicolae_shop_crystal
Vaults:4: nicolae_vaults_little_ls, hangedman_vaults_pinch, v_pattern_2,
          vaults_dpeg_ring, hangedman_vaults_hat, nicolae_vaults_network_square,
          vaults_mumra_minichess_inversion, vaults_room_ringed_pool,
          grunt_vaults_hallway_short, vaults_room_hallway, v_misc_29,
          ontoclasm_vaults_pinch, v_alt_pattern_1, grunt_vaults_bifocal,
          st_lines, layout_vaults_maze, serial_shops, bzr_entry_dummy
Depths:1: layout_cave_pools, ebering_ghost_inner_flame,
          pf_hell_entry_tar_spiral, patterned_corridor,
          minmay_gold_behind_fungi, hangedman_stitches_earthworm
Depths:2: minmay_angry_zag, layout_gridville, serial_shops, bzr_entry_road,
          hell_entry, eino_curves_03, serial_sigils_hangedman_shear,
          grunt_megastairs_1
Depths:3: kennysheep_large_vault, layout_gridlike, enter_ziggurat_d,
          abyss_entry, grunt_pan_entry_sceptre, hell_entry,
          nrook_mini_backslash, drop_trap

Skill      XL: |  1  2  3  4  5  6  7  8  9 10 11 12 13 14 15 16 17 18 19 20 21 22 23 24 |
---------------+-------------------------------------------------------------------------+-----
Fighting       | 3 4 5 6 7 8 9 11 12 13 14 15 16 17 18 19 20 21 | 21.8
Axes           | 3 4 5 6 8 9 11 12 13 14 16 17 18 19 20 21 22 | 22.1
Armour         | 4 5 6 7 8 9 10 11 12 13 14 15 16 17 19 20 21 22 | 22.8
Shields        | 4 5 6 7 8 9 10 11 12 13 14 15 16 17 | 17.7
Invocations    | 3 5 7 9 10 11 12 13 14 15 16 17 18 | 18.2
Evocations     | 3 6 |  6.3
Dodging        | 3 6 8 10 | 10.1

Action                   |  1- 3 |  4- 6 |  7- 9 | 10-12 | 13-15 | 16-18 | 19-21 | 22-24 | 25-27 || total
-------------------------+-------+-------+-------+-------+-------+-------+-------+-------+-------++-------
Melee: War axe           |   129 |       |       |   483 |   961 |       |       |       |       ||  1573
       Hand axe          |    13 |   187 |   456 |   303 |       |       |       |       |       ||   959
       Broad axe         |       |       |       |       |   644 |  1601 |  1637 |  3047 |   158 ||  7087
Invok: Lesser Servant of |       |       |       |     3 |    14 |     2 |       |       |       ||    19
       Major Destruction |       |       |       |       |     2 |       |       |       |       ||     2
       Greater Servant o |       |       |       |       |     1 |     4 |     2 |     4 |     1 ||    12
 Abil: Heal Wounds       |     1 |     4 |    14 |    12 |    22 |    15 |     2 |     9 |     2 ||    81
Evoke: Wand              |       |       |       |     1 |    12 |       |       |     1 |       ||    14
       Phantom mirror    |       |       |       |       |     1 |       |       |       |       ||     1
       Lightning rod     |       |       |       |       |       |       |       |     5 |       ||     5
  Use: Potion            |       |     1 |     2 |     1 |       |     4 |     1 |    19 |       ||    28
       Scroll            |       |       |     1 |    16 |    14 |    14 |     5 |     7 |       ||    57
 Stab: Invisible         |       |       |    11 |       |       |     5 |       |     1 |       ||    17
       Distracted        |       |       |       |     1 |     2 |     1 |     5 |     8 |     1 ||    18
       Confused          |       |       |       |       |     1 |       |       |       |       ||     1
       Paralysed         |       |       |       |       |       |       |       |     5 |       ||     5
       Petrified         |       |       |       |       |       |       |       |     3 |       ||     3
  Eat: Chunk             |     1 |     6 |    10 |    10 |    24 |    20 |    22 |    17 |     1 ||   111
       Ration            |       |       |       |     1 |     5 |     3 |     1 |     6 |       ||    16
Armor: Scale mail        |    63 |       |       |       |       |       |       |       |       ||    63
       Chain mail        |    24 |   111 |   220 |   466 |   419 |       |       |       |       ||  1240
       Plate armour      |       |       |       |       |   295 |   694 |   477 |  1119 |   124 ||  2709
Dodge: Dodged            |    48 |    40 |    83 |   224 |   351 |   731 |   666 |   864 |    76 ||  3083
Block: Kite shield       |    96 |   127 |   245 |   507 |  1362 |  1279 |  1342 |       |       ||  4958
       Reflection        |       |       |       |       |    35 |   101 |    99 |    82 |     1 ||   318
       Tower shield      |       |       |       |       |       |       |       |  4311 |   314 ||  4625
